 Dungeon Crawl Stone Soup version 0.24.0-123-gd5b16e6ec5 (webtiles) character file.

Game seed: 4790941703408476806, levelgen mode: deterministic

5 FessEmpty the Sneak (level 1, 0/9 HPs)
             Began as a Vine Stalker Enchanter on Dec 27, 2019.
             Slain by a kobold
             ... wielding a +0 dagger
              (1 damage)
             ... on level 1 of the Dungeon.
             The game lasted 00:02:05 (158 turns).

FessEmpty the Sneak (Vine Stalker Enchanter)         Turns: 158, Time: 00:02:06

Health: 0/9        AC:  2    Str: 10    XL:     1   Next: 80%
Magic:  0/4        EV: 12    Int: 15    God:
Gold:   1          SH:  0    Dex: 14    Spells: 3/4 levels left

rFire    . . .     SeeInvis .   a - +1 dagger
rCold    . . .     Gourm    .   (no shield)
rNeg     . . .     Faith    .   b - +0 robe
rPois    .         Spirit   +   (no helmet)
rElec    .         Reflect  .   (no cloak)
rCorr    .         Harm     .   (no gloves)
MR       .....                  (no boots)
Stlth    ++........             (no amulet)
HPRegen  0.03/turn              (no ring)
MPRegen  0.09/turn              (no ring)

@: no status effects
A: fangs 2, magic shield, antimagic bite, no potion heal 3, rot immunity
a: no special abilities


You were on level 1 of the Dungeon.
You were not hungry.

You visited 1 branch of the dungeon, and saw 1 of its levels.

You collected 1 gold pieces.

Inventory:

Hand Weapons
 a - a +1 dagger (weapon)
Armour
 b - a +0 robe (worn)
Comestibles
 c - 2 chunks of flesh
 d - a ration


   Skills:
 + Level 1.0 Short Blades
 + Level 1.6 Dodging
 + Level 3.7 Stealth
 + Level 2.3 Spellcasting
 + Level 3.0 Hexes


You had 3 spell levels left.
You knew the following spells:

 Your Spells              Type           Power        Failure   Level  Hunger
a - Corona                Hex            ##.....      6%          1    #......

Your spell library contained the following spells:

 Spells                   Type           Power        Failure   Level  Hunger
 Ensorcelled Hibernation  Hex/Ice        #.....       17%         2    ###....
 Confuse                  Hex            ##......     19%         3    ###....
 Tukima's Dance           Hex            ##......     19%         3    ###....
 Dazzling Spray           Conj/Hex       #.....       34%         3    ###....


Dungeon Overview and Level Annotations

Branches:
Dungeon (1/15)

Altars:


Innate Abilities, Weirdness & Mutations

You have extremely sharp teeth.
When hurt, damage is shared between your health and your magic reserves.
Your bite disrupts and absorbs the magic of your enemies.
Potions cannot restore your health.
You are immune to rotting.


Message History

Welcome, FessEmpty the Vine Stalker Enchanter.
It is said that the Orb of Zot exists deep within this dungeon.
Press ? for a list of commands and other information.
Found a staircase leading out of the dungeon.
There is a staircase leading out of the dungeon here.
A bat comes into view.
The bat closely misses you. The bat barely misses you.
You hit the bat but do no damage. The bat misses you.
The bat closely misses you.
You hit the bat.
The bat is moderately wounded.
The bat misses you. The bat barely misses you. The bat misses you.
You hit the bat but do no damage.
The bat is moderately wounded.
The bat barely misses you. The bat closely misses you.
You hit the bat but do no damage.
The bat is moderately wounded.
The bat barely misses you. The bat closely misses you.
You miss the bat. You bite the bat. You drain its power.
The bat is severely wounded.
The bat hits you but does no damage.
A bat is nearby!
A bat is nearby!
A bat is nearby!
A bat is nearby!
A bat is nearby!
A bat is nearby!
A bat is nearby!
A bat is nearby!
A bat is nearby!
A bat is nearby!
You hit the bat.
You kill the bat!
You see here a bat corpse.
Found a stone staircase leading down.
Unknown command.
Unknown command.
You swing at nothing.
You swing at nothing.
You swing at nothing.
Welcome back, FessEmpty the Vine Stalker Enchanter.
Press ? for a list of commands and other information.
You now have 1 gold piece.
You butcher the bat corpse.
c - a chunk of flesh You see here a bat skeleton. x2
Found a stone staircase leading down.
There is a stone staircase leading down here.
A giant cockroach comes into view.
A giant cockroach is nearby!
A giant cockroach is nearby!
A giant cockroach is nearby!
A giant cockroach is nearby!
A giant cockroach is nearby!
A giant cockroach is nearby!
You swing at nothing.
A goblin comes into view. It is wielding a +0 dagger.
The giant cockroach closely misses you.
You hit the giant cockroach.
You bite the giant cockroach, but do no damage.
The giant cockroach is moderately wounded.
The giant cockroach barely misses you.
You hit the giant cockroach.
You bite the giant cockroach, but do no damage.
The giant cockroach is severely wounded.
The giant cockroach bites you but does no damage.
You hit the giant cockroach but do no damage.
The giant cockroach is severely wounded.
The giant cockroach bites you.
You closely miss the giant cockroach.
The giant cockroach is severely wounded.
The giant cockroach closely misses you.
You barely miss the giant cockroach.
The giant cockroach is severely wounded.
The giant cockroach barely misses you.
You hit the giant cockroach but do no damage.
The giant cockroach is severely wounded.
The giant cockroach barely misses you. The giant cockroach bites you.
You hit the giant cockroach.
You kill the giant cockroach!
Your Short Blades skill increases to level 1!
You see here a giant cockroach corpse.
A goblin is nearby!
A goblin is nearby!
The goblin shouts!
A goblin is nearby!
A goblin is nearby!
You hit the goblin.
You kill the goblin!
You see here a +0 dagger.
You butcher the giant cockroach corpse.
c - 2 chunks of flesh (gained 1)
A ball python comes into view.
A ball python is nearby!
A kobold comes into view. It is wielding a +0 dagger.
The kobold shouts!
The ball python hisses angrily.
The ball python closely misses you. The ball python grabs you.
The ball python constricts you. The ball python closely misses you.
The ball python constricts you.
You hit the ball python.
You kill the ball python!
Saving game... please wait.
Welcome back, FessEmpty the Vine Stalker Enchanter.
Press ? for a list of commands and other information.
Saving game... please wait.
Welcome back, FessEmpty the Vine Stalker Enchanter.
Press ? for a list of commands and other information.
The kobold hits you with a +0 dagger. The kobold hits you with a +0 dagger.
The kobold hits you with a +0 dagger.
* * * LOW HITPOINT WARNING * * *
The kobold closely misses you. The kobold hits you but does no damage.
The kobold hits you but does no damage. The kobold misses you.
The kobold closely misses you. The kobold hits you with a +0 dagger.
* * * LOW HITPOINT WARNING * * *
The kobold hits you but does no damage. The kobold barely misses you.
The kobold hits you but does no damage. The kobold hits you with a +0 dagger.
You die...

.# #.# ###.
#.# #... #.#
#... #.# #..#
###.## #..# #
##...####.#
#.K# ### .#
..........#
#†@###.##.###
##...####
#..##........
#.#.#.###
#......#..#
.#####..#
#.###...#.#
#.###.#.#
#......##.#
.# # #.##.#
######.##.#
.. ####.#
#.##)## ##.##
#.#########
#.#.>.# #...#
#.........#
#.#...# #...#


You could see a kobold.

Vanquished Creatures
  A ball python (D:1)
  A bat (D:1)
  A giant cockroach (D:1)
  A goblin (D:1)
4 creatures vanquished.

Notes
Turn   | Place    | Note
-------+----------+-------------------------------------------
     0 | D:1      | FessEmpty the Vine Stalker Enchanter began the quest for
                  | the Orb.
     0 | D:1      | Reached XP level 1. HP: 9/9 MP: 4/4
   111 | D:1      | Reached skill level 1 in Short Blades
   158 | D:1      | Slain by a kobold

Levels and vault maps discovered:
D:1:      roderic_dead_forest, layout_loops_ring

Skill      XL: |  1 |
---------------+----+-----
Short Blades   | 1 |  1.0
Dodging        | |  1.6
Stealth        | |  3.7
Spellcasting   | |  2.3
Hexes          | |  3.0

Action                   || total
-------------------------++-------
Melee: Dagger            ||    15
       Bite              ||     3
Armor: Robe              ||     4
Dodge: Dodged            ||    22
